TOP OF THE 1ST |
St. Louis Cardinals batting - Pitching for San Diego Padres : RHP Adam Thompson
|
Pitching: RHP Adam Thompson
|
|
Batting: LHB Tommy Luce
|
0-0: Ball 1-0: Foul Ball, location: 2F 1-1: Ball 2-1: Ball 3-1: Foul Ball, location: 2F 3-2: Strikes out swinging
|
Batting: LHB Tom Butterbaugh
|
0-0: Swinging Strike 0-1: Ball 1-1: Ball 2-1: Foul Ball, location: 2F 2-2: Strikes out swinging
|
Batting: LHB Alex Vargas
|
0-0: Ball 1-0: Foul Ball, location: 2F 1-1: Foul Ball, location: 2F 1-2: Strikes out swinging
|
Top of the 1st over - 0 runs, 0 hits, 0 errors, 0 left on base; St. Louis 0 - San Diego 0 |
BOTTOM OF THE 1ST |
San Diego Padres batting - Pitching for St. Louis Cardinals : LHP Felix Bernal
|
Pitching: LHP Felix Bernal
|
|
Batting: LHB Per Meulengracht
|
0-0: Called Strike 0-1: Fly out, F8 (Flyball, 8RS, EV 85.6 MPH)
|
Batting: RHB Alois Wollf
|
0-0: Ball 1-0: Foul Ball, location: 2F 1-1: Swinging Strike 1-2: Strikes out swinging
|
Batting: RHB Cesar Breceda
|
0-0: Called Strike 0-1: Fly out, F8 (Flyball, 8RXD, EV 95.0 MPH)
|
Bottom of the 1st over - 0 runs, 0 hits, 0 errors, 0 left on base; St. Louis 0 - San Diego 0 |
TOP OF THE 2ND |
St. Louis Cardinals batting - Pitching for San Diego Padres : RHP Adam Thompson
|
Batting: RHB Pavpv Ivanushkin
|
0-0: Ball 1-0: Swinging Strike 1-1: Foul Ball, location: 2F 1-2: Foul Ball, location: 2F 1-2: Ball 2-2: Strikes out swinging
|
Batting: LHB Ben Rubenacker
|
0-0: Ground out 6-3 (Groundball, 4M, EV 105.6 MPH)
|
Batting: LHB Zack Berney
|
0-0: Ball 1-0: SINGLE (Line Drive, 6D, EV 98.8 MPH)
|
Batting: RHB Nick Gentzel
|
0-0: Called Strike 0-1: Fly out, F5 (Popup, 25F, EV 93.1 MPH)
|
Top of the 2nd over - 0 runs, 1 hit, 0 errors, 1 left on base; St. Louis 0 - San Diego 0 |
BOTTOM OF THE 2ND |
San Diego Padres batting - Pitching for St. Louis Cardinals : LHP Felix Bernal
|
Batting: RHB Chiel Palstermans
|
0-0: Ball 1-0: Fly out, F9 (Flyball, 9D, EV 106.9 MPH)
|
Batting: LHB Mike Holt
|
0-0: Swinging Strike 0-1: Swinging Strike 0-2: Fly out, F6 (Popup, 6MS, EV 63.1 MPH)
|
Batting: RHB Alberto Cotto
|
0-0: Called Strike 0-1: Fly out, F9 (Flyball, 9D, EV 93.8 MPH)
|
Bottom of the 2nd over - 0 runs, 0 hits, 0 errors, 0 left on base; St. Louis 0 - San Diego 0 |
TOP OF THE 3RD |
St. Louis Cardinals batting - Pitching for San Diego Padres : RHP Adam Thompson
|
Batting: RHB Francisco Hernandez
|
0-0: Ball 1-0: Ground out 6-3 (Groundball, 6, EV 83.1 MPH)
|
Batting: RHB Dustin Clark
|
0-0: Swinging Strike 0-1: Ball 1-1: Ball 2-1: Ball 3-1: Foul Ball, location: 2F 3-2: SINGLE (Line Drive, 6D, EV 103.8 MPH)
|
Batting: LHB Tommy Luce
|
0-0: Ball 1-0: Ball 2-0: Ball 3-0: Called Strike 3-1: Base on Balls Dustin Clark to second
|
Batting: LHB Tom Butterbaugh
|
0-0: Ball 1-0: Grounds into double play, 4-6-3 (Groundball, 4, EV 103.1 MPH)
|
Top of the 3rd over - 0 runs, 1 hit, 0 errors, 1 left on base; St. Louis 0 - San Diego 0 |
BOTTOM OF THE 3RD |
San Diego Padres batting - Pitching for St. Louis Cardinals : LHP Felix Bernal
|
Batting: RHB Matthew Starr
|
0-0: Ball 1-0: Ball 2-0: Ball 3-0: Called Strike 3-1: Base on Balls
|
Batting: LHB Ryan Flynn Jr.
|
0-0: Ball 1-0: Foul Ball, location: 2F 1-1: Swinging Strike 1-2: Ball 2-2: Strikes out looking
|
Batting: SHB Devin Hottenstein
|
0-0: Foul Ball, location: 2F 0-1: Swinging Strike 0-2: Strikes out looking
|
Batting: LHB Per Meulengracht
|
0-0: Called Strike 0-1: Swinging Strike 0-2: Ball 1-2: Ground out U3 (Groundball, 3, EV 88.1 MPH)
|
Bottom of the 3rd over - 0 runs, 0 hits, 0 errors, 1 left on base; St. Louis 0 - San Diego 0 |
TOP OF THE 4TH |
St. Louis Cardinals batting - Pitching for San Diego Padres : RHP Adam Thompson
|
Batting: LHB Alex Vargas
|
0-0: Foul Ball, location: 2F 0-1: Ball 1-1: Ball 2-1: Swinging Strike 2-2: Strikes out swinging
|
Batting: RHB Pavpv Ivanushkin
|
0-0: Ball 1-0: Called Strike 1-1: Foul Ball, location: 2F 1-2: Strikes out swinging
|
Batting: LHB Ben Rubenacker
|
0-0: Foul Ball, location: 2F 0-1: Ball 1-1: Ground out U3 (Groundball, 34S, EV 88.1 MPH)
|
Top of the 4th over - 0 runs, 0 hits, 0 errors, 0 left on base; St. Louis 0 - San Diego 0 |
BOTTOM OF THE 4TH |
San Diego Padres batting - Pitching for St. Louis Cardinals : LHP Felix Bernal
|
Batting: RHB Alois Wollf
|
0-0: Ball 1-0: Foul Ball, location: 2F 1-1: Fly out, F8 (Flyball, 89M, EV 83.1 MPH)
|
Batting: RHB Cesar Breceda
|
0-0: Ball 1-0: Ball 2-0: Foul Ball, location: 2F 2-1: SOLO HOME RUN (Flyball, 9D, EV 95.0 MPH), Distance : 364 ft
|
Batting: RHB Chiel Palstermans
|
0-0: Fly out, F5 (Flyball, 56D, EV 88.1 MPH)
|
Batting: LHB Mike Holt
|
0-0: Ball 1-0: Ball 2-0: Called Strike 2-1: Swinging Strike 2-2: Strikes out swinging
|
Bottom of the 4th over - 1 run, 1 hit, 0 errors, 0 left on base; St. Louis 0 - San Diego 1 |
TOP OF THE 5TH |
St. Louis Cardinals batting - Pitching for San Diego Padres : RHP Adam Thompson
|
Pitching: LHP Ricardo Chavez
|
|
Batting: LHB Zack Berney
|
0-0: Ball 1-0: Fly out, F8 (Line Drive, 8LM, EV 93.8 MPH)
|
Batting: RHB Nick Gentzel
|
0-0: Called Strike 0-1: Foul Ball, location: 2F 0-2: Strikes out swinging
|
Batting: RHB Francisco Hernandez
|
0-0: Ball 1-0: Ground out 4-3 (Groundball, 4, EV 82.5 MPH)
|
Top of the 5th over - 0 runs, 0 hits, 0 errors, 0 left on base; St. Louis 0 - San Diego 1 |
BOTTOM OF THE 5TH |
San Diego Padres batting - Pitching for St. Louis Cardinals : LHP Felix Bernal
|
Pitching: LHP Paul Gill
|
|
Batting: RHB Alberto Cotto
|
0-0: Ball 1-0: Called Strike 1-1: Foul Ball, location: 2F 1-2: Ball 2-2: Strikes out swinging
|
Batting: RHB Matthew Starr
|
0-0: Swinging Strike 0-1: Ball 1-1: Called Strike 1-2: Strikes out swinging
|
Batting: LHB Ryan Flynn Jr.
|
0-0: Ball 1-0: Swinging Strike 1-1: Ball 2-1: DOUBLE (Line Drive, 78D, EV 110.0 MPH)
|
Batting: SHB Devin Hottenstein
|
0-0: Called Strike 0-1: Ball 1-1: Foul Ball, location: 2F 1-2: Ground out 3-1 (Groundball, 13, EV 84.4 MPH)
|
Bottom of the 5th over - 0 runs, 1 hit, 0 errors, 1 left on base; St. Louis 0 - San Diego 1 |
TOP OF THE 6TH |
St. Louis Cardinals batting - Pitching for San Diego Padres : LHP Ricardo Chavez
|
Batting: RHB Dustin Clark
|
0-0: Called Strike 0-1: Ball 1-1: SOLO HOME RUN (Flyball, 7LD, EV 96.2 MPH), Distance : 372 ft
|
Batting: RHB Tenshou Takita
|
0-0: Ball 1-0: Ground out 4-3 (Groundball, 4, EV 85.6 MPH)
|
Batting: LHB Tom Butterbaugh
|
0-0: Called Strike 0-1: Called Strike 0-2: Ball 1-2: Foul Ball, location: 2F 1-2: Strikes out looking
|
Batting: LHB Alex Vargas
|
0-0: Ball 1-0: Ball 2-0: Called Strike 2-1: Foul Ball, location: 2F 2-2: Strikes out looking
|
Top of the 6th over - 1 run, 1 hit, 0 errors, 0 left on base; St. Louis 1 - San Diego 1 |
BOTTOM OF THE 6TH |
San Diego Padres batting - Pitching for St. Louis Cardinals : LHP Paul Gill
|
Batting: LHB Per Meulengracht
|
0-0: Called Strike 0-1: Ball 1-1: Called Strike 1-2: Ground out U3 (Groundball, 3, EV 84.4 MPH)
|
Batting: RHB Alois Wollf
|
0-0: Foul Ball, location: 2F 0-1: Ball 1-1: Swinging Strike 1-2: Ground out 3-1 (Groundball, 34S, EV 90.0 MPH)
|
Batting: RHB Cesar Breceda
|
0-0: Ball 1-0: Ball 2-0: Called Strike 2-1: Foul Ball, location: 2F 2-2: TRIPLE (Line Drive, 78XD, EV 101.2 MPH)
|
Pitching: RHP Bryan Banana
|
|
Batting: RHB Chiel Palstermans
|
0-0: Called Strike 0-1: Fly out, F8 (Flyball, 8LS, EV 81.9 MPH)
|
Bottom of the 6th over - 0 runs, 1 hit, 0 errors, 1 left on base; St. Louis 1 - San Diego 1 |
TOP OF THE 7TH |
St. Louis Cardinals batting - Pitching for San Diego Padres : LHP Ricardo Chavez
|
Batting: RHB Pavpv Ivanushkin
|
0-0: Ball 1-0: Called Strike 1-1: Ground out 5-3 (Groundball, 5S, EV 60.6 MPH)
|
DELAY
|
Rain delay of 51 minutes in the 7th inning.
|
Pinch Hitting: RHB Rick O'Reilly
|
0-0: Ball 1-0: Ball 2-0: Ball 3-0: Called Strike 3-1: Called Strike 3-2: Foul Ball, location: 2F 3-2: Fly out, F9 (Flyball, 89M, EV 81.9 MPH)
|
Batting: LHB Zack Berney
|
0-0: Ball 1-0: Ball 2-0: Ball 3-0: Called Strike 3-1: Base on Balls
|
Batting: RHB Nick Gentzel
|
0-0: Ball 1-0: Called Strike 1-1: Ball 2-1: Ball 3-1: Fly out, F9 (Flyball, 9LD, EV 91.9 MPH)
|
Top of the 7th over - 0 runs, 0 hits, 0 errors, 1 left on base; St. Louis 1 - San Diego 1 |
BOTTOM OF THE 7TH |
San Diego Padres batting - Pitching for St. Louis Cardinals : RHP Bryan Banana
|
Now at 1B: Rick O'Reilly
|
|
Batting: LHB Mike Holt
|
0-0: Ball 1-0: Swinging Strike 1-1: Called Strike 1-2: Foul Ball, location: 2F 1-2: Ball 2-2: Strikes out looking
|
Batting: RHB Alberto Cotto
|
0-0: Swinging Strike 0-1: Ball 1-1: Ball 2-1: Foul Ball, location: 2F 2-2: Ball 3-2: Strikes out swinging
|
Batting: RHB Matthew Starr
|
0-0: Ball 1-0: Called Strike 1-1: Ball 2-1: Ball 3-1: Ground out 6-3 (Groundball, 6, EV 86.2 MPH)
|
Bottom of the 7th over - 0 runs, 0 hits, 0 errors, 0 left on base; St. Louis 1 - San Diego 1 |
TOP OF THE 8TH |
St. Louis Cardinals batting - Pitching for San Diego Padres : LHP Ricardo Chavez
|
Pitching: RHP Phil Hall
|
|
Pinch Hitting: SHB Antoine Roux
|
0-0: Ball 1-0: SOLO HOME RUN (Flyball, 9LD, EV 95.0 MPH), Distance : 356 ft
|
Batting: RHB Dustin Clark
|
0-0: Swinging Strike 0-1: Foul Ball, location: 2F 0-2: Ball 1-2: Ball 2-2: Strikes out swinging, 2-3 out at first.
|
Batting: RHB Tenshou Takita
|
0-0: Called Strike 0-1: Ball 1-1: Foul Ball, location: 2F 1-2: Strikes out swinging
|
Pinch Hitting: RHB Eric Chotkowski
|
0-0: Ball 1-0: Ball 2-0: Ground out 1-3 (Groundball, 15S, EV 71.2 MPH)
|
Top of the 8th over - 1 run, 1 hit, 0 errors, 0 left on base; St. Louis 2 - San Diego 1 |
BOTTOM OF THE 8TH |
San Diego Padres batting - Pitching for St. Louis Cardinals : RHP Bryan Banana
|
Pitching: LHP Antonio Lacayo
|
|
Now at 2B: Antoine Roux
|
|
Now at 3B: Eric Chotkowski
|
|
Now in LF: Zack Berney
|
|
Now in RF: John Blair
|
|
Pinch Hitting: RHB Bobby Ayala
|
0-0: Ball 1-0: Called Strike 1-1: Swinging Strike 1-2: Foul Ball, location: 2F 1-2: Ball 2-2: Ball 3-2: Fly out, F8 (Flyball, 8LD, EV 90.0 MPH)
|
Batting: SHB Devin Hottenstein
|
0-0: Swinging Strike 0-1: Ball 1-1: Ball 2-1: Foul Ball, location: 2F 2-2: Foul Ball, location: 2F 2-2: Ball 3-2: Base on Balls
|
Pinch Hitting: LHB Andy Bowman
|
0-0: Swinging Strike 0-1: SINGLE (Flyball, 4D, EV 85.6 MPH) Devin Hottenstein to second
|
Pinch Hitting: RHB Jose Morrissey
|
0-0: Called Strike 0-1: Called Strike 0-2: Strikes out swinging
|
Pinch Hitting: RHB Ben Zeiler
|
0-0: Foul Ball, location: 2F 0-1: Called Strike 0-2: Ball 1-2: Ball 2-2: Ball 3-2: Ground out 6-3 (Groundball, 6, EV 105.0 MPH)
|
Bottom of the 8th over - 0 runs, 1 hit, 0 errors, 2 left on base; St. Louis 2 - San Diego 1 |
TOP OF THE 9TH |
St. Louis Cardinals batting - Pitching for San Diego Padres : RHP Phil Hall
|
Now at C: Ben Zeiler
|
|
Now at 2B: Bobby Ayala
|
|
Now in LF: Chris Moody
|
|
Now in RF: Andy Bowman
|
|
Pinch Hitting: RHB Sergio Godinez
|
0-0: Ball 1-0: Foul Ball, location: 2F 1-1: Ball 2-1: Ball 3-1: Ground out 4-3 (Groundball, 4, EV 83.8 MPH)
|
Batting: LHB John Blair
|
0-0: Foul Ball, location: 2F 0-1: Foul Ball, location: 2F 0-2: Fly out, F4 (Flyball, 34D, EV 90.6 MPH)
|
Batting: RHB Rick O'Reilly
|
0-0: Called Strike 0-1: Ground out 6-3 (Groundball, 6, EV 86.9 MPH)
|
Top of the 9th over - 0 runs, 0 hits, 0 errors, 0 left on base; St. Louis 2 - San Diego 1 |
BOTTOM OF THE 9TH |
San Diego Padres batting - Pitching for St. Louis Cardinals : LHP Antonio Lacayo
|
Pitching: RHP Josh Sabatino
|
|
Now at C: Sergio Godinez
|
|
Batting: RHB Chiel Palstermans
|
0-0: Called Strike 0-1: Ball 1-1: Called Strike 1-2: Ground out 4-3 (Groundball, 34, EV 106.2 MPH)
|
Pinch Hitting: RHB Carlos Reyes
|
0-0: Ball 1-0: Called Strike 1-1: Called Strike 1-2: Strikes out swinging
|
Pinch Hitting: LHB Joseph Martin
|
0-0: Foul Ball, location: 2F 0-1: Foul Ball, location: 2F 0-2: Ball 1-2: Foul Ball, location: 2F 1-2: Ground out 2-3 (Groundball, 2R, EV 71.9 MPH)
|
Bottom of the 9th over - 0 runs, 0 hits, 0 errors, 0 left on base; St. Louis 2 - San Diego 1 |
|